 Dungeon Crawl Stone Soup version 0.25-a0-829-g4e6a552925 (webtiles) character file.

Game seed: 10184974587277529689, levelgen mode: deterministic

3975 Glundar the Blocker (level 10, -19/90 HPs)
             Began as a Minotaur Fighter on Apr 21, 2020.
             Was an Elder of Okawaru.
             Demolished by an orc warrior
             ... wielding a +4 dire flail
              (23 damage)
             ... on level 6 of the Dungeon.
             The game lasted 00:31:43 (8318 turns).

Glundar the Blocker (Minotaur Fighter)              Turns: 8318, Time: 00:31:44

Health: -19/90     AC: -33   Str: 24    XL:     10   Next: 2%
Magic:  9/9        EV:  6    Int:  5    God:    Okawaru [****..]
Gold:   470        SH: 11    Dex: 10    Spells: 9/9 levels left

rFire    . . .     SeeInvis .   a - +2 trident (protect)
rCold    . . .     Gourm    .   c - +0 kite shield
rNeg     + . .     Faith    .   q - +0 chain mail
rPois    .         Spirit   .   (helmet restricted)
rElec    .         Reflect  .   x - +0 cloak
rCorr    .         Harm     .   B - +0 pair of gloves
MR       .....                  y - +0 pair of boots
Stlth    ..........             (no amulet)
HPRegen  0.25/turn              k - ring of wizardry (curse)
MPRegen  0.11/turn              m - ring of positive energy

@: corroded, very slightly contaminated, heavily drained, invisible
A: retaliatory headbutt, horns 2
a: Heroism, Renounce Religion


You were on level 6 of the Dungeon.
You worshipped Okawaru.
Okawaru was greatly pleased with you.
You were not hungry.

You visited 2 branches of the dungeon, and saw 8 of its levels.
You also visited: Sewer.

You collected 470 gold pieces.

Inventory:

Hand Weapons
 a - a +2 trident of protection (weapon)
 b - a +0 hunting sling
 d - a +2 dagger of electrocution
 e - a +1 short sword of venom
 t - a +0 dagger of holy wrath
 E - a +0 war axe
 T - a +4 shortbow
Missiles
 g - 211 stones (quivered)
 n - 39 sling bullets
Armour
 c - a +0 kite shield (worn)
 q - a +0 chain mail (worn)
 x - a +0 cloak (worn)
 y - a +0 pair of boots (worn)
 B - a +0 pair of gloves (worn)
 R - +2 steam dragon scales
Jewellery
 k - a cursed ring of wizardry (left hand)
 m - a ring of positive energy (right hand)
 S - an uncursed amulet of harm
Wands
 p - a wand of flame (12)
 N - a wand of random effects (19)
Scrolls
 j - 2 scrolls of enchant armour
 u - 2 scrolls of blinking
 C - 2 scrolls of magic mapping {unknown}
 G - 2 scrolls of enchant weapon {unknown}
 H - 3 scrolls of fear
 I - a scroll of amnesia {unknown}
 J - 2 scrolls of remove curse
 M - a scroll of fog {unknown}
 O - a scroll of torment {unknown}
 P - 2 scrolls of teleportation
Potions
 i - 2 potions of mutation
 l - 3 potions of cancellation
 o - 4 potions of stabbing
 r - 7 potions of curing
 s - a potion of degeneration
 v - a potion of magic
 w - a potion of lignification
 z - a potion of resistance
 A - 2 potions of haste
 D - a potion of berserk rage
 F - 3 potions of flight
 K - a potion of heal wounds
 L - a potion of brilliance {unknown}
Comestibles
 f - 16 rations
 Q - a chunk of flesh


   Skills:
 + Level 8.7(6.8) Fighting
 - Level 6.0(5.1) Axes
 + Level 5.3(4.8) Polearms
 + Level 6.3(4.5) Slings
 + Level 8.7(6.8) Armour
 + Level 8.8(6.8) Shields


You had 9 spell levels left.
You didn't know any spells.
Your spell library contained the following spells:

 Spells                   Type           Power        Failure   Level  Hunger
 Beastly Appendage        Tmut           #.....       97%         1    ##.....
 Corona                   Hex            #......      97%         1    ##.....
 Ensorcelled Hibernation  Hex/Ice        #.....       99%         2    ###....
 Sticks to Snakes         Tmut           #.......     99%         2    ###....
 Confusing Touch          Hex            #.......     100%        3    ####...
 Dazzling Flash           Conj/Hex       #.....       100%        3    ####...
 Spider Form              Tmut/Pois      #.........   100%        3    ####...
 Tukima's Dance           Hex            #.......     100%        3    ####...
 Ice Form                 Ice/Tmut       #.......     100%        4    #####..
 Blade Hands              Tmut           #.........   100%        5    ######.


Dungeon Overview and Level Annotations

Branches:
Dungeon (7/15)             Temple (1/1) D:4           Sewer (visited)

Altars:
Ashenzari
Cheibriados
Dithmenos
Elyvilon
Gozag
Hepliaklqana
Kikubaaqudgha
Makhleb
Nemelex Xobeh
Okawaru
Qazlal
Ru
Trog
Uskayaw
Vehumet
Wu Jian
Xom
Yredelemnul
Zin
The Shining One


Innate Abilities, Weirdness & Mutations

You reflexively headbutt those who attack you in melee.
You have a pair of horns on your head.


Message History

The rust devil corrodes you! The rust devil hits you!
* * * LOW HITPOINT WARNING * * *
The rust devil corrodes you!
Quiver which item? (- for none, * to show all) (? for menu, Esc to quit)
Okay, then.
You feel much better. The rust devil hits you!
* * * LOW HITPOINT WARNING * * *
The rust devil corrodes you! The rust devil barely misses you.
You climb upwards.
You block the orc warrior's attack. x2
There is a stone staircase leading down, spattered with blood here.
You block the orc warrior's attack. The rust devil hits you!
* * * LOW HITPOINT WARNING * * *
The rust devil corrodes you!
Found two chain mails.
The orc warrior hits you with a +4 dire flail!
* * * LOW HITPOINT WARNING * * *
You closely miss the orc warrior. You block the orc warrior's attack.
The orc warrior hits you with a +4 dire flail!!
You die...

###.#..#......####.#
#.#
###....#.####...##.#
#.# .........#
##.#.##.### #.#
###....#.###.....#...#
#.###
#..........###...#.#
#....
###.##...###[###...##
#####
#.##..##)#'#)##...#
#.##..#♣.....♣#...#
#.##.##.....@o##..#
#.##.#∩...8.4o>#..#
#.##.##.......##.##
#.##..#♣.....♣#..#
#####.###.##)#'#)##.##
##########
......###..###[###..#
#........#
####..##.....###...##
#.######.#
#........###.....###
#.# #.#
#.#......###.###..##
#.# ####.#


You could see a rust devil and 2 orc warriors.

Vanquished Creatures
  Joseph (D:7)
  Maggie (D:7)
  Prince Ribbit (D:7)
  A hungry ghost (D:3)
  Duvessa (D:4)
  2 black bears
  2 orc warriors (D:7)
  A sky beast (D:6)
  A phantom (D:4)
  2 ogres (D:6)
  A centaur (D:7)
  4 big kobolds
  Blork the orc (D:5)
  A bullfrog (D:7)
  Dowan (D:4)
  5 killer bees (D:6)
  A howler monkey (D:6)
  A crimson imp (D:7)
  A bullfrog zombie (D:6)
  A quasit (D:5)
  3 centaur zombies
  4 orc priests
  A bullfrog skeleton (D:4)
  4 hounds
  Crazy Yiuf (D:3)
  A jelly (D:5)
  7 orc wizards
  2 iguanas
  Natasha (thrice) (D:4)
  9 worker ants
  A hound skeleton (D:4)
  A howler monkey zombie (D:7)
  8 gnolls
  7 adders
  7 river rats (Sewer)
  2 shadow imps
  An ooze (D:3)
  An adder skeleton (D:5)
  A worm (D:4)
  5 dart slugs
  6 leopard geckos
  24 orcs
  7 ball pythons
  8 bats
  5 giant cockroaches
  3 goblins (D:1)
  8 hobgoblins
  13 jackals
  4 quokkas
  6 frilled lizards
  21 kobolds
  2 quokka skeletons
  21 rats
  A rat zombie (D:6)
228 creatures vanquished.

Notes
Turn   | Place    | Note
-------+----------+-------------------------------------------
     0 | D:1      | Glundar the Minotaur Fighter began the quest for the Orb.
     0 | D:1      | Reached XP level 1. HP: 19/19 MP: 0/0
   161 | D:1      | Reached XP level 2. HP: 27/27 MP: 1/1
   807 | D:2      | Reached XP level 3. HP: 29/33 MP: 2/2
   919 | D:2      | Noticed a big kobold
   926 | D:2      | Killed a big kobold
   926 | D:2      | Reached XP level 4. HP: 40/41 MP: 3/3
  1069 | D:2      | Found a bloodstained altar of Trog.
  1301 | D:2      | Reached XP level 5. HP: 45/47 MP: 4/4
  1565 | D:3      | Found a runed translucent door.
  1566 | D:3      | Noticed Crazy Yiuf
  2003 | D:3      | Paralysed by Crazy Yiuf for 7 turns
  2010 | D:3      | Killed Crazy Yiuf
  2010 | D:3      | Reached skill level 5 in Armour
  2010 | D:3      | Reached skill level 5 in Shields
  2253 | D:4      | Noticed a hungry ghost
  2264 | D:3      | Reached skill level 5 in Fighting
  2364 | D:3      | Killed a hungry ghost
  2364 | D:3      | Reached skill level 1 in Slings
  2364 | D:3      | Reached XP level 6. HP: 47/56 MP: 5/5
  2577 | D:4      | Reached XP level 7. HP: 58/61 MP: 6/6
  2672 | D:4      | Reached skill level 5 in Axes
  2733 | D:4      | Noticed Natasha
  2752 | D:4      | Killed Natasha
  2966 | D:4      | Found a staircase to the Ecumenical Temple.
  2976 | Temple   | Entered the Ecumenical Temple
  2993 | Temple   | Became a worshipper of Warmaster Okawaru
  3180 | D:4      | Noticed Natasha
  3186 | D:4      | Noticed Duvessa
  3188 | D:4      | Noticed Dowan
  3200 | D:4      | Killed Natasha
  3209 | D:4      | Killed Duvessa
  3222 | D:4      | Killed Dowan
  3222 | D:4      | Reached * piety under Okawaru
  3519 | D:4      | Found a white marble altar of Elyvilon.
  3565 | D:4      | Noticed Natasha
  3567 | D:4      | Killed Natasha
  3567 | D:4      | Reached XP level 8. HP: 70/70 MP: 7/7
  3728 | D:5      | Entered Level 5 of the Dungeon
  3728 | D:5      | Found a shadowy altar of Dithmenos.
  3810 | D:5      | Noticed Blork the orc
  3818 | D:5      | Killed Blork the orc
  4339 | D:5      | Found a glowing silver altar of Zin.
  4344 | D:5      | Found an opulent altar of Gozag.
  4468 | D:5      | Found a snail-covered altar of Cheibriados.
  4484 | D:5      | Reached skill level 1 in Polearms
  4631 | D:6      | Found an ancient bone altar of Kikubaaqudgha.
  4668 | D:6      | Found a glowing drain.
  4683 | Sewer    | Entered a sewer
  4955 | Sewer    | Reached ** piety under Okawaru
  5718 | D:6      | Reached XP level 9. HP: 53/79 MP: 8/8
  5736 | D:6      | Reached skill level 5 in Slings
  6849 | D:7      | Noticed Joseph
  6873 | D:7      | Killed Joseph
  6873 | D:7      | Reached *** piety under Okawaru
  7695 | D:7      | Noticed Maggie
  7711 | D:7      | Killed Maggie
  7812 | D:7      | Reached skill level 5 in Polearms
  7919 | D:7      | Noticed Prince Ribbit
  7932 | D:7      | Killed Prince Ribbit
  7932 | D:7      | Reached **** piety under Okawaru
  8011 | D:7      | Reached XP level 10. HP: 83/90 MP: 9/9
  8292 | D:6      | Noticed a rust devil
  8292 | D:6      | Noticed a rust devil
  8317 | D:6      | HP: 4/90 [orc warrior/+4 dire flail (14)]
  8318 | D:6      | Demolished by an orc warrior

Levels and vault maps discovered:
D:1:      ncdulo_smallfort, layout_basic
D:2:      layout_basic, bloody_trog, first_ration
D:3:      layout_loops_ring, uniq_crazy_yiuf_cottage
D:4:      layout_loops_ring, elyvilon_altar_3, minmay_temple_entry_junction,
          minmay_misc_feat_plants, uniq_duvessa, uniq_natasha
D:5:      layout_cave_pools, grunt_temple_overflow_gold_and_silver,
          nicolae_overflow_hidden_temple, grunt_dithmenos_smoke,
          uniq_blork_the_orc
D:6:      cheibrodos_iron_armory, layout_loops_corners,
          lemuel_zombie_altar_kikubaaqudgha, portal_sewer_entry_b
D:7:      layout_basic, uniq_maggie, uniq_prince_ribbit1, uniq_joseph
Temple:   cyrus_circular_temple

Skill      XL: |  1  2  3  4  5  6  7  8  9 |
---------------+----------------------------+-----
Axes           | 3 4 5 6 |  6.0
Fighting       | 4 5 6 7 8 |  8.7
Armour         | 4 5 6 7 8 |  8.7
Shields        | 4 5 6 7 8 |  8.8
Slings         | 1 2 3 4 6 |  6.3
Polearms       | 2 5 |  5.3

Action                   |  1- 3 |  4- 6 |  7- 9 | 10-12 || total
-------------------------+-------+-------+-------+-------++-------
Melee: War axe           |    66 |   147 |   145 |       ||   358
       Headbutt          |    10 |    18 |    89 |     4 ||   121
       Trident           |       |       |   353 |    36 ||   389
  Use: Scroll            |       |     6 |    10 |       ||    16
       Potion            |       |       |     5 |     4 ||     9
 Stab: Invisible         |       |       |       |     1 ||     1
  Eat: Chunk             |       |     3 |    18 |     1 ||    22
       Ration            |       |     2 |       |       ||     2
Armor: Scale mail        |    35 |       |       |       ||    35
       Chain mail        |     1 |    95 |   262 |     5 ||   363
Dodge: Dodged            |    19 |    33 |   135 |    10 ||   197
Block: Kite shield       |    44 |    74 |   276 |    20 ||   414

Table legend:
 A = Non-vault XP
 B = Vault XP
 C = Vault XP percentage of total XP
 D = Non-vault monster count
 E = Vault monster count
 F = Vault count percentage of total count
                 A         B        C        D         E       F
            +---------+---------+-------+---------+---------+-------
      Total |    3743 |    1936 |  34.1 |     169 |      59 |  25.9
            +---------+---------+-------+---------+---------+-------
        D:1 |      39 |       0 |   0.0 |      20 |       0 |   0.0
        D:2 |     166 |       0 |   0.0 |      24 |       0 |   0.0
        D:3 |     352 |      40 |  10.2 |      22 |       1 |   4.3
        D:4 |     572 |     263 |  31.5 |      27 |       3 |  10.0
        D:5 |     440 |      96 |  17.9 |      20 |       1 |   4.8
        D:6 |    1126 |       5 |   0.4 |      27 |       3 |  10.0
        D:7 |    1048 |    1086 |  50.9 |      29 |       3 |   9.4
      Sewer |       0 |     446 | 100.0 |       0 |      48 | 100.0
            +---------+---------+-------+---------+---------+-------
